 Dungeon Crawl Stone Soup version 0.29.1-1-gd02db69 (webtiles) character file.

Game seed: 13250003227962537460

566 Jonnyslop the Slasher (level 7, -3/64 HPs)
             Began as a Minotaur Fighter on Mar 2, 2023.
             Slain by Edmund
             ... wielding a +4 dire flail of protection
              (14 damage)
             ... on level 5 of the Dungeon.
             The game lasted 00:07:17 (4288 turns).

Jonnyslop the Slasher (Minotaur Fighter)            Turns: 4288, Time: 00:07:18

Health: -3/64      AC: 10    Str: 28    XL:     7   Next: 10%
Magic:  6/6        EV:  8    Int:  5    God:
Gold:   33         SH:  5    Dex: 10    Spells: 6/6 levels left

rFire   . . .      SeeInvis .   h - +8 falchion of Execution {holy, Str+6}
rCold   . . .      Faith    .   c - +1 buckler
rNeg    . . .      Spirit   .   u - +0 chain mail
rPois   .          Reflect  .   (helmet restricted)
rElec   .          Harm     .   o - +0 cloak
rCorr   .          Rampage  .   (no gloves)
Will    .....                   (no boots)
Stlth   ..........              (no amulet)
HPRegen 0.20/turn               (no ring)
MPRegen 0.10/turn               (no ring)

@: no status effects
A: horns 2, retaliatory headbutt
a: no special abilities


You were on level 5 of the Dungeon.
You visited 1 branch of the dungeon, and saw 5 of its levels.
You also visited: Sewer.

You collected 363 gold pieces.
You spent 330 gold pieces at shops.

Inventory:

Hand Weapons
 a - a +0 long sword
 h - the +8 falchion of Execution (weapon) {holy, Str+6}
   (You bought it in a shop on level 4 of the Dungeon)

   It has been blessed by the Shining One to cause great damage to the undead
   and demons.
   Str:       It affects your strength (+6).
Missiles
 r - 10 poisoned darts (quivered)
Armour
 c - a +1 buckler (worn)
 o - a +0 cloak (worn)
 u - a +0 chain mail (worn)
Jewellery
 g - a ring of magical power
 l - a ring of see invisible
 p - an amulet of guardian spirit
Wands
 b - a wand of iceblast (13)
Scrolls
 e - 3 scrolls of identify
 i - 4 scrolls of teleportation
 n - a scroll of silence
 t - 3 scrolls of blinking
Potions
 d - 4 potions of might
 f - 2 potions of lignification
 j - a potion of invisibility
 k - 2 potions of haste
 m - 2 potions of mutation
 q - 3 potions of curing
 s - a potion of heal wounds


   Skills:
 + Level 6.3 Fighting
 * Level 7.8 Long Blades
 - Level 3.6 Armour
 - Level 3.6 Shields


You had 6 spell levels left.
You didn't know any spells.
Your spell library was empty.

Dungeon Overview and Level Annotations

Branches:
Dungeon (5/15)              Sewer (visited)
 Temple: D:4-7

Altars:
Kikubaaqudgha
Zin

Shops:
D:4 !!**?:=

Annotations:
D:3 3 runed translucent doors, Bazzalis's ghost, amateur GrFi
D:5 Edmund


Innate Abilities, Weirdness & Mutations

You have a pair of horns on your head.
You reflexively headbutt those who attack you in melee.


Message History

Edmund says, "People accused me of being a cutpurse!"
Edmund hits you with a +4 dire flail of protection!
You hit Edmund.
Edmund is lightly wounded.
You hit Edmund but do no damage. Your headbutt misses Edmund.
Edmund is lightly wounded.
Edmund drinks a potion.
Edmund goes berserk!
You barely miss Edmund.
Edmund is lightly wounded.
Edmund barely misses you. You block Edmund's attack.
You hit Edmund. You headbutt Edmund.
Edmund is moderately wounded.
Edmund hits you with a +4 dire flail of protection.
You slash Edmund! You headbutt Edmund.
Edmund is heavily wounded.
Edmund hits you with a +4 dire flail of protection! x2
You are too injured to fight recklessly!
You are too injured to fight recklessly!
You are too injured to fight recklessly!
You are too injured to fight recklessly!
You are too injured to fight recklessly!
You are too injured to fight recklessly!
You are too injured to fight recklessly!
You are too injured to fight recklessly!
You are too injured to fight recklessly!
You are too injured to fight recklessly!
You are too injured to fight recklessly!
You are too injured to fight recklessly!
You are too injured to fight recklessly!
You are too injured to fight recklessly!
You are too injured to fight recklessly!
You are too injured to fight recklessly!
You are too injured to fight recklessly!
You hit Edmund. Your headbutt misses Edmund.
Edmund is heavily wounded.
Edmund hits you with a +4 dire flail of protection!
* * * LOW HITPOINT WARNING * * *
Edmund attacks as you move away! You block Edmund's attack.
Edmund hits you with a +4 dire flail of protection!
You die...

..........#........
..........#.......<
.##.......#........
#.......#######..
.##.......##.... ..
................
................
..........##....
###....@..# ....
#....@..# ..
..........#
..........+
.##.......#
#.......# #........
#.........
#..........


You could see Edmund (berserk).

Vanquished Creatures
  An ogre (D:4)
  A phantom (D:4)
  2 bullfrogs (Sewer)
  A scorpion (D:4)
  A hound (D:4)
  2 orc wizards (D:4)
  2 adders
  3 gnolls (D:4)
  An ufetubus (D:3)
  3 worms
  2 dart slugs
  6 orcs
  12 giant cockroaches
  4 goblins
  6 hobgoblins
  2 jackals (D:1)
  5 quokkas
  9 ball pythons
  8 bats
  6 frilled lizards (Sewer)
  6 kobolds
  5 rats
88 creatures vanquished.

Vanquished Creatures (collateral kills)
  A rat (D:3)
1 creature vanquished.

Vanquished Creatures (others)
  6 fungi (D:1)
  4 plants (D:1)
  A withered plant (D:1)
11 creatures vanquished.

Grand Total: 100 creatures vanquished

Notes
Turn   | Place    | Note
-------+----------+-------------------------------------------
     0 | D:1      | Jonnyslop the Minotaur Fighter began the quest for the Orb.
     0 | D:1      | Reached XP level 1. HP: 19/19 MP: 0/0
   170 | D:1      | Reached skill level 3 in Long Blades
   170 | D:1      | Reached XP level 2. HP: 27/27 MP: 1/1
   206 | D:1      | Found a faded altar of an unknown god.
   482 | D:1      | Reached XP level 3. HP: 29/33 MP: 2/2
   748 | D:2      | Reached skill level 4 in Long Blades
  1195 | D:2      | Identified the +1 spear of the Vendetta {vorpal, rC++
                  | Int+4}
  1791 | D:3      | Noticed Bazzalis's ghost (amateur GrFi)
  2033 | D:3      | Found a glowing silver altar of Zin.
  2137 | D:3      | Reached XP level 4. HP: 41/41 MP: 3/3
  2194 | D:3      | Found a runed translucent gate.
  2194 | D:3      | Found a runed translucent gate.
  2194 | D:3      | Found a runed translucent gate.
  2393 | D:4      | Found a glowing drain.
  2424 | Sewer    | Entered a sewer
  2693 | Sewer    | Reached skill level 5 in Long Blades
  2750 | Sewer    | Noticed a bullfrog
  2757 | Sewer    | Killed a bullfrog
  2758 | Sewer    | Reached skill level 5 in Fighting
  2758 | Sewer    | Reached XP level 5. HP: 48/48 MP: 4/4
  2798 | Sewer    | Reached skill level 6 in Long Blades
  3111 | D:4      | Found an ancient bone altar of Kikubaaqudgha.
  3116 | D:4      | Found Piadudgh's Distillery.
  3157 | D:4      | Noticed an ogre
  3165 | D:4      | Killed an ogre
  3165 | D:4      | Noticed a phantom
  3166 | D:4      | Reached XP level 6. HP: 41/57 MP: 5/5
  3179 | D:4      | Reached skill level 7 in Long Blades
  3682 | D:4      | Reached XP level 7. HP: 20/63 MP: 6/6
  3990 | D:4      | Found Ruggi's Assorted Antiques.
  4001 | D:4      | Found Kitag's Jewellery Boutique.
  4002 | D:4      | Found Yxtuo's Book Shop.
  4003 | D:4      | Found Angic's Assorted Antiques.
  4004 | D:4      | Found Ciamm's Distillery.
  4004 | D:4      | Found Fipp's Magic Scroll Boutique.
  4031 | D:4      | Bought a scroll of identify for 46 gold pieces
  4033 | D:4      | Bought a crude falchion for 152 gold pieces
  4033 | D:4      | Identified the +8 falchion of Execution {holy, Str+6} (You
                  | bought it in a shop on level 4 of the Dungeon)
  4036 | D:4      | Bought a potion of curing for 39 gold pieces
  4036 | D:4      | Bought a potion of heal wounds for 65 gold pieces
  4043 | D:4      | Bought a scroll of identify for 28 gold pieces
  4228 | D:5      | Entered Level 5 of the Dungeon
  4278 | D:5      | Noticed Edmund
  4288 | D:5      | Slain by Edmund

Illustrated notes

Levels and vault maps discovered:
D:1:      tarquinn_simple_flora_water_e, layout_rooms,
          shapermc_ecumenical_altar_gd
D:2:      layout_basic
D:3:      layout_basic, zin_academy, gammafunk_ghost_icy, st_stairs_8
D:4:      layout_gridville, amcnicky_altar_gilded,
          cheibrodos_sewer_entry_sluice, serial_shops, nicolae_take_the_stairs,
          nicolae_wooded_promenade, wad_floor_pattern_untrapped
D:5:      layout_gridville, nicolae_hexahallways, uniq_edmund

Skill      XL: |  1  2  3  4  5  6 |
---------------+-------------------+-----
Long Blades    | 3 4 5 6 7 |  7.8
Fighting       | 4 5 6 |  6.3
Armour         | |  3.6
Shields        | |  3.6

Action                   |  1- 3 |  4- 6 |  7- 9 || total
-------------------------+-------+-------+-------++-------
Melee: Long sword        |   118 |   137 |    20 ||   275
       Headbutt          |    14 |    21 |     3 ||    38
       Falchion          |       |       |     6 ||     6
  Use: Scroll            |     8 |     4 |     1 ||    13
Armor: Scale mail        |    75 |    38 |       ||   113
       Chain mail        |       |    49 |    12 ||    61
Dodge: Dodged            |    56 |    52 |     2 ||   110
Block: Buckler           |    27 |    42 |     7 ||    76
